 Dungeon Crawl Stone Soup version 0.29-a0-233-g1125b37a9b (webtiles) character file.

Game seed: 6279195373615270314

37 siradein the Grave Robber (level 3, -4/26 HPs)
             Began as a Ghoul Necromancer on Mar 2, 2022.
             Killed from afar by Ijyb (28 damage)
             ... with a bolt of acid
             ... on level 4 of the Dungeon.
             The game lasted 00:05:21 (1505 turns).

siradein the Grave Robber (Ghoul Necromancer)       Turns: 1505, Time: 00:05:22

Health: -4/26      AC:  3    Str: 11    XL:     3   Next: 41%
Magic:  5/5        EV: 12    Int: 12    God:
Gold:   47         SH:  0    Dex:  9    Spells: 2/6 levels left

rFire   + . .      SeeInvis .   f - +3 dagger
rCold   + . .      Faith    .   (no shield)
rNeg    + + +      Spirit   .   a - +0 robe
rPois   ∞          Reflect  .   (no helmet)
rElec   .          Harm     .   (no cloak)
rCorr   .          Rampage  .   (no gloves)
Will    .....                   c - +0 pair of boots
Stlth   +.........              (no amulet)
HPRegen 0.00/turn               b - ring of protection from fire
MPRegen 0.09/turn               (no ring)

@: inhibited regen, very slow
A: claws 1, cold resistance 1, negative energy resistance 3, inhibited
regeneration, torment resistance 2
a: no special abilities


You were on level 4 of the Dungeon.
You visited 1 branch of the dungeon, and saw 3 of its levels.

You collected 47 gold pieces.

Inventory:

Hand Weapons
 f - a +3 dagger (weapon)
Armour
 a - a +0 robe (worn)
 c - a +0 pair of boots (worn)
Jewellery
 b - a ring of protection from fire (left claw)
Scrolls
 d - 2 scrolls of identify {unknown}
 e - a scroll of holy word {unknown}
 g - a scroll of fear {unknown}
 h - a scroll of immolation {unknown}
 i - a scroll of enchant armour {unknown}
 j - a scroll of noise {unknown}
 k - a scroll of enchant weapon {unknown}


   Skills:
 - Level 1.7 Dodging
 - Level 2.1 Stealth
 + Level 2.2 Spellcasting
 * Level 4.8 Necromancy


You had 2 spell levels left.
You knew the following spells:

 Your Spells              Type           Power      Damage    Failure   Level
a - Pain                  Necr           48%        1d6       3%          1
b - Vampiric Draining     Necr           12%        2d6       11%         3

Your spell library contained the following spells:

 Spells                   Type           Power      Damage    Failure   Level
 Animate Skeleton         Necr           24%        N/A       3%          1
 Sting                    Tmut/Pois      4%         1d3       26%         1
 Poisonous Vapours        Pois/Air       2%         N/A       38%         2
 Animate Dead             Necr           6%         N/A       36%         4
 Agony                    Necr           12%        N/A       71%         5
 Olgreb's Toxic Radiance  Pois           1%         N/A       95%         4


Dungeon Overview and Level Annotations

Branches:
Dungeon (2/15)

Altars:

Portals:
Sewer: D:4

Annotations:
D:4 Ijyb


Innate Abilities, Weirdness & Mutations

You thrive by killing the living.
You are immune to poison.
You have sharp fingernails.
Your flesh is cold resistant. (rC+)
You are immune to negative energy. (rN+++)
You do not regenerate when monsters are visible.
You are immune to unholy pain and torment.


Message History

Things that are here:
a +0 dagger; a stone
Things that are here:
a +0 dagger; 4 stones
There is a stone staircase leading down here.
You climb downwards.
There is a stone staircase leading up here.
There is a stone staircase leading up here.
A sourceless malevolence fills the Dungeon...
You fall into a shaft and drop 2 floors!
The shaft crumbles and collapses.
You hear the sound of rushing water.
There is an entrance to a sewer on this level.
Hurry and find it before the portal rusts away!
Found an escape hatch in the floor.
A giant cockroach comes into view.
The giant cockroach writhes in agony.
The giant cockroach writhes in agony.
You kill the giant cockroach!
You can't see any susceptible monsters within range! (Use Z to cast anyway.)
You can't see any susceptible monsters within range! (Use Z to cast anyway.)
You start resting.
Magic restored.
Found a glowing drain.
A ball python and 2 yaks come into view.
Ijyb the Twisted Goblin comes into view.
She is wielding a +0 club and carrying a wand of acid (12).
Found a scroll labelled WIKHOU EPNO.
The ball python hisses angrily.
Ijyb shouts!
You hear a bellow!
A rat comes into view.
You hear a bellow!
You enter the shallow water.
Moving in this stuff is going to be slow.
You hear a shout!
The ball python bites you. The ball python grabs you.
The ball python constricts you.
You hear a bellow!
You escape the ball python's grasp.
Found a scroll labelled UFEAN SIBED.
You hear a bellow!
Ijyb zaps a wand.
The bolt of acid hits you!!
Ouch! That really hurt!
You die...

........# .#.......##
?..#..g#..##
...≈≈≈≈≈...#
.#≈≈≈≈≈≈≈#.#
..≈≈≈≈≈≈≈≈.##
..≈≈≈∩≈≈≈...#
.≈≈r≈≈≈@≈.†.##
.#≈≈≈≈≈Y≈#...#
..?≈≈≈≈S...#.#######>#
...#..Y#..##.........#
#........#############
.####.#### ... ###


You could see 2 yaks, Ijyb, a ball python and a rat.

Vanquished Creatures
  2 dart slugs (D:1)
  4 bats (D:1)
  2 endoplasms (D:1)
  2 giant cockroaches
  3 hobgoblins (D:1)
  2 kobolds (D:1)
  4 ball pythons (D:1)
  3 frilled lizards (D:1)
  7 goblins (D:1)
  2 rats (D:1)
31 creatures vanquished.

Notes
Turn   | Place    | Note
-------+----------+-------------------------------------------
     0 | D:1      | siradein the Ghoul Necromancer began the quest for the Orb.
     0 | D:1      | Reached XP level 1. HP: 14/14 MP: 2/2
   295 | D:1      | Reached XP level 2. HP: 15/20 MP: 2/4
   832 | D:1      | Reached XP level 3. HP: 26/26 MP: 1/5
  1367 | D:1      | Learned a level 3 spell: Vampiric Draining
  1476 | D:2      | You fall into a shaft and drop 2 floors!
  1500 | D:4      | Found a glowing drain.
  1501 | D:4      | Noticed a yak
  1501 | D:4      | Noticed a yak
  1503 | D:4      | Noticed Ijyb
  1505 | D:4      | Killed from afar by Ijyb

Illustrated notes

Levels and vault maps discovered:
D:1:      dpeg_arrival_chambers_temple_mockup, layout_basic, minmay_heptomino_l4
D:2:      layout_loops_ring
D:4:      layout_loops_ring, cheibrodos_sewer_entry_drain, nrook_loot_triangle,
          due_unseen_surprise, uniq_ijyb

Skill      XL: |  1 |
---------------+----+-----
Spellcasting   | 2 |  2.2
Dodging        | |  1.7
Stealth        | |  2.1
Necromancy     | |  4.8

Action                   || total
-------------------------++-------
Melee: Unarmed           ||    16
       Dagger            ||     9
 Cast: Pain              ||    53
Armor: Robe              ||    10
Dodge: Dodged            ||    25

Table legend: (Time is in decaauts)
 A = Elapsed time spent in this place.
 B = Non-inter-level travel time spent in this place.
 C = Inter-level travel time spent in this place.
 D = Time resting spent in this place.
 E = Time spent auto-exploring this place.
 F = Levels seen in this place.
 G = Mean time per level.
                   A        B        C        D        E       F      G
               +--------+--------+--------+--------+--------+-----+--------+
         Total |   1504 |   1419 |     85 |     67 |   1141 |   3 |  501.3 |
       Dungeon |   1504 |   1419 |     85 |     67 |   1141 |   3 |  501.3 |
               +--------+--------+--------+--------+--------+-----+--------+

Top non-repeatable levels by time:
     D:1: 1465 daAuts
     D:4: 29 daAuts
     D:2: 9 daAuts
